 Dungeon Crawl Stone Soup version 0.24-a0-630-g0d56a85 (webtiles) character file.

Game seed: 12280987555590305078, levelgen mode: deterministic

259 DrKleor the Spear-Bearer (level 6, -16/47 HPs)
             Began as a Merfolk Fighter on Sept 19, 2019.
             Was an Initiate of Okawaru.
             Splashed by Ijyb's acid (18 damage)
             ... on level 3 of the Dungeon.
             The game lasted 00:07:38 (2706 turns).

DrKleor the Spear-Bearer (Merfolk Fighter)          Turns: 2706, Time: 00:07:38

Health: -16/47     AC:  2    Str: 18    XL:     6   Next: 17%
Magic:  6/6        EV:  7    Int:  8    God:    Okawaru [......]
Gold:   187        SH:  9    Dex: 13    Spells: 5/5 levels left

rFire    . . .     SeeInvis .   a - +0 trident
rCold    . . .     Gourm    .   c - +0 shield
rNeg     . . .     Faith    .   b - +0 scale mail
rPois    .         Spirit   .   (no helmet)
rElec    .         Reflect  .   (no cloak)
rCorr    .         Harm     .   (no gloves)
MR       .....                  (no boots)
Stlth    ..........             (no amulet)
HPRegen  0.15/turn              (no ring)
MPRegen  0.10/turn              (no ring)

@: corroded
A: change form in water, swift swim, stealthy swim
a: Renounce Religion


You were on level 3 of the Dungeon.
You worshipped Okawaru.
Okawaru was noncommittal.
You were not hungry.

You visited 1 branch of the dungeon, and saw 3 of its levels.

You collected 187 gold pieces.

Inventory:

Hand Weapons
 a - a +0 trident (weapon)
Armour
 b - a +0 scale mail (worn)
 c - a +0 shield (worn)
Scrolls
 e - 2 scrolls of remove curse {unknown}
 h - a scroll of fear {unknown}
 i - a scroll of identify {unknown}
 j - a scroll of fog {unknown}
 k - 2 scrolls of random uselessness {unknown}
 l - 3 scrolls of amnesia {unknown}
 p - a scroll of teleportation {unknown}
Potions
 d - a potion of might
 g - 2 potions of curing {unknown}
 m - 2 potions of agility {unknown}
 n - a potion of brilliance {unknown}
Comestibles
 f - 3 rations
 o - 2 chunks of flesh


   Skills:
 - Level 3.2 Fighting
 + Level 9.1 Polearms
 - Level 2.1 Armour
 - Level 3.0 Shields


You had 5 spell levels left.
You didn't know any spells.
Your spell library was empty.

Dungeon Overview and Level Annotations

Branches:
Dungeon (3/15)

Altars:
Okawaru

Annotations:
D:3 Ijyb


Message History

You kill the jackal!
The bat hits you but does no damage.
You barely miss the bat. The bat hits you but does no damage.
The bat barely misses you. You block the bat's attack.
A jackal comes into view.
The jackal barks!
The bat hits you. You block the bat's attack.
Ijyb zaps a wand.
The bolt of acid hits the bat!
The bat is splashed with acid.
The bat dies!
The bolt of acid hits you! The acid corrodes you!
You are splashed with acid!
You see here a bat corpse.
You closely miss Ijyb. You block Ijyb's attack.
You hit Ijyb.
Ijyb is lightly wounded.
Ijyb zaps a wand.
The bolt of acid hits you!
* * * LOW HITPOINT WARNING * * *
You are splashed with acid!!
You die...

#.. #.# #.# #.# #.# #.#
######.# #..@gh.#
#.#####......# #####
#............#
....##########............#
......†...............(g...
###.##########.########.###
# #.# #.# .. ###.###### #.#
.# ........... #..


You could see Ijyb and a jackal.

Vanquished Creatures
  A centaur skeleton (D:3)
  A bullfrog skeleton (D:2)
  Natasha (thrice) (D:2)
  5 adders
  A worm (D:3)
  2 dart slugs
  2 leopard geckos
  7 orcs (D:3)
  11 bats
  2 giant cockroaches
  6 goblins
  6 hobgoblins
  4 jackals
  5 kobolds
  8 frilled lizards
  7 rats
71 creatures vanquished.

Vanquished Creatures (others)
  A bat (D:3)
1 creature vanquished.

Grand Total: 72 creatures vanquished

Notes
Turn   | Place    | Note
-------+----------+-------------------------------------------
     0 | D:1      | DrKleor the Merfolk Fighter began the quest for the Orb.
     0 | D:1      | Reached XP level 1. HP: 18/18 MP: 1/1
   180 | D:1      | Reached skill level 4 in Polearms
   180 | D:1      | Reached XP level 2. HP: 23/24 MP: 2/2
   593 | D:1      | Reached skill level 5 in Polearms
   593 | D:1      | Reached XP level 3. HP: 29/29 MP: 3/3
   856 | D:2      | Noticed Natasha
   858 | D:2      | Killed Natasha
   858 | D:2      | Reached skill level 6 in Polearms
   858 | D:2      | Reached XP level 4. HP: 35/35 MP: 4/4
  1079 | D:2      | Noticed Natasha
  1099 | D:2      | Killed Natasha
  1219 | D:2      | Reached skill level 7 in Polearms
  1673 | D:2      | Reached XP level 5. HP: 40/41 MP: 5/5
  1707 | D:2      | Noticed Natasha
  1723 | D:2      | Killed Natasha
  2167 | D:2      | Reached skill level 8 in Polearms
  2508 | D:3      | Found an iron altar of Okawaru.
  2519 | D:3      | Became a worshipper of Warmaster Okawaru
  2561 | D:3      | Reached XP level 6. HP: 47/47 MP: 6/6
  2692 | D:3      | Reached skill level 9 in Polearms
  2693 | D:3      | Noticed Ijyb
  2706 | D:3      | HP: 2/47 [Ijyb/bolt of acid (16)]
  2706 | D:3      | Splashed by Ijyb's acid

Levels and vault maps discovered:
D:1:      minmay_arrival_three_doors, layout_loops_ring, minivault_14,
          minmay_lizard_king
D:2:      layout_basic, uniq_natasha
D:3:      layout_basic, overflow_temple_1_default, first_ration, uniq_ijyb

Skill      XL: |  1  2  3  4  5  6 |
---------------+-------------------+-----
Polearms       | 4 5 6 7 8 9 |  9.1
Fighting       | |  3.2
Armour         | |  2.1
Shields        | |  3.0

Action                   |  1- 3 |  4- 6 || total
-------------------------+-------+-------++-------
Melee: Trident           |    79 |   194 ||   273
  Eat: Chunk             |       |     6 ||     6
Armor: Scale mail        |    31 |    63 ||    94
Dodge: Dodged            |     9 |    41 ||    50
Block: Shield            |    32 |    66 ||    98

Table legend:
 A = Non-vault XP
 B = Vault XP
 C = Vault XP percentage of total XP
 D = Non-vault monster count
 E = Vault monster count
 F = Vault count percentage of total count
                 A         B        C        D         E       F
            +---------+---------+-------+---------+---------+-------
      Total |     328 |      42 |  11.4 |      65 |       6 |   8.5
            +---------+---------+-------+---------+---------+-------
        D:1 |      40 |       7 |  14.9 |      23 |       5 |  17.9
        D:2 |     176 |      35 |  16.6 |      20 |       1 |   4.8
        D:3 |     112 |       0 |   0.0 |      22 |       0 |   0.0
            +---------+---------+-------+---------+---------+-------
